| TOP OF THE 1ST |
|
Charlotte Knights batting - Pitching for Milwaukee Creams : LHP Kenny Rogers
|
|
Pitching: LHP Kenny Rogers
|
|
|
Batting: SHB Orlando Merced
|
0-0: Ball 1-0: Called Strike 1-1: Called Strike 1-2: Foul Ball, location: 2F 1-2: DOUBLE (Line Drive, 89D, EV 96.9 MPH)
|
|
Batting: LHB Jason Giambi
|
0-0: Called Strike 0-1: Called Strike 0-2: Ball 1-2: Foul Ball, location: 2F 1-2: Strikes out looking
|
|
Batting: RHB Shane Mack
|
0-0: Ball 1-0: Fly out, F8 (Flyball, 8LD, EV 101.9 MPH)
|
|
Batting: RHB Nomar Garciaparra
|
0-0: Ball 1-0: Called Strike 1-1: Ground out 5-3 (Groundball, 56S, EV 80.6 MPH)
|
| Top of the 1st over - 0 runs, 1 hit, 0 errors, 1 left on base; Charlotte 0 - Milwaukee 0 |
| BOTTOM OF THE 1ST |
|
Milwaukee Creams batting - Pitching for Charlotte Knights : RHP Ron Robinson
|
|
Pitching: RHP Ron Robinson
|
|
|
Batting: LHB Tom Goodwin
|
0-0: Ball 1-0: Called Strike 1-1: Fly out, F9 (Flyball, 9D, EV 98.8 MPH)
|
|
Batting: RHB Mark Loretta
|
0-0: Foul Ball, location: 2F 0-1: Ball 1-1: Fly out, F8 (Flyball, 78D, EV 96.3 MPH)
|
|
Batting: SHB Chipper Jones
|
0-0: Called Strike 0-1: Foul Ball, location: 2F 0-2: Strikes out swinging
|
| Bottom of the 1st over - 0 runs, 0 hits, 0 errors, 0 left on base; Charlotte 0 - Milwaukee 0 |
| TOP OF THE 2ND |
|
Charlotte Knights batting - Pitching for Milwaukee Creams : LHP Kenny Rogers
|
|
Batting: SHB David Segui
|
0-0: Ball 1-0: Called Strike 1-1: TRIPLE (Groundball, 3L, EV 105.0 MPH)
|
|
Batting: SHB Carl Everett
|
0-0: Called Strike 0-1: Foul Ball, location: 2F 0-2: Foul Ball, location: 2F 0-2: Ball 1-2: Strikes out swinging
|
|
Batting: RHB Chuck Knoblauch
|
0-0: Ball 1-0: SINGLE (Line Drive, 7S, EV 100.6 MPH) David Segui scores
|
|
Batting: RHB Tony Batista
|
0-0: Ball 1-0: SINGLE (Groundball, 56D, EV 96.3 MPH) Chuck Knoblauch to second
|
|
Batting: RHB Todd Zeile
|
0-0: Fly out, F4 (Line Drive, 4, EV 68.1 MPH)
|
|
Batting: SHB Orlando Merced
|
0-0: Swinging Strike 0-1: Swinging Strike 0-2: Strikes out swinging
|
| Top of the 2nd over - 1 run, 3 hits, 0 errors, 2 left on base; Charlotte 1 - Milwaukee 0 |
| BOTTOM OF THE 2ND |
|
Milwaukee Creams batting - Pitching for Charlotte Knights : RHP Ron Robinson
|
|
Batting: LHB Carlos Delgado
|
0-0: Ball 1-0: Ground out 4-3 (Groundball, 34, EV 86.3 MPH)
|
|
Batting: SHB Jorge Posada
|
0-0: Called Strike 0-1: SINGLE (Line Drive, 89S, EV 93.1 MPH)
|
|
Batting: SHB Ken Caminiti
|
0-0: Ball 1-0: Ball 2-0: Ball 3-0: Called Strike 3-1: Foul Ball, location: 2F 3-2: DOUBLE (Line Drive, 89M, EV 104.4 MPH) Jorge Posada to third
|
|
Batting: LHB John Elway
|
0-0: Foul Ball, location: 2F 0-1: Fly out, F7 (Flyball, 78D, EV 88.8 MPH) Runner from 3rd tags up, OUT at HOME! 7-2
|
| Bottom of the 2nd over - 0 runs, 2 hits, 0 errors, 1 left on base; Charlotte 1 - Milwaukee 0 |
| TOP OF THE 3RD |
|
Charlotte Knights batting - Pitching for Milwaukee Creams : LHP Kenny Rogers
|
|
Batting: LHB Jason Giambi
|
0-0: Called Strike 0-1: Hit by Pitch
|
|
Batting: RHB Shane Mack
|
0-0: Sac Bunt to P - play at first, batter OUT! 1-3 Jason Giambi to second
|
|
Batting: RHB Nomar Garciaparra
|
0-0: Foul Ball, location: 2F 0-1: Ball 1-1: Fly out, F6 (Popup, 6MD, EV 65.6 MPH)
|
|
Batting: SHB David Segui
|
0-0: Ball 1-0: Called Strike 1-1: Ground out 5-3 (Groundball, 56S, EV 67.5 MPH)
|
| Top of the 3rd over - 0 runs, 0 hits, 0 errors, 1 left on base; Charlotte 1 - Milwaukee 0 |
| BOTTOM OF THE 3RD |
|
Milwaukee Creams batting - Pitching for Charlotte Knights : RHP Ron Robinson
|
|
Batting: SHB Gerald Young
|
0-0: Called Strike 0-1: Ball 1-1: Foul Ball, location: 2F 1-2: Foul Ball, location: 2F 1-2: Ball 2-2: SINGLE (Groundball, 4MD, EV 94.4 MPH)
|
|
Batting: RHB Rey Sanchez
|
0-0: Ball Gerald Young steals 2nd base 1-0: Bunted foul 1-1: Sac Bunt to 5S - play at first, batter OUT! 5-4 Gerald Young to third
|
|
Batting: LHB Tom Goodwin
|
0-0: Ball 1-0: Ball 2-0: Ball 3-0: Base on Balls
|
|
Batting: RHB Mark Loretta
|
0-0: Ball 1-0: Called Strike 1-1: Fly out, F9 (Flyball, 9D, EV 90.6 MPH) Runner from 3rd tags up, SCORES, throw by RF
|
|
Batting: SHB Chipper Jones
|
0-0: Ball 1-0: Swinging Strike 1-1: Ball Tom Goodwin is caught stealing 2nd base 2-6
|
| Bottom of the 3rd over - 1 run, 1 hit, 0 errors, 0 left on base; Charlotte 1 - Milwaukee 1 |
| TOP OF THE 4TH |
|
Charlotte Knights batting - Pitching for Milwaukee Creams : LHP Kenny Rogers
|
|
Batting: SHB Carl Everett
|
0-0: Ball 1-0: Fly out, F6 (Line Drive, 6, EV 65.6 MPH)
|
|
Batting: RHB Chuck Knoblauch
|
0-0: Ball 1-0: Foul Ball, location: 2F 1-1: DOUBLE (Line Drive, 89XD, EV 100.6 MPH) - OUT at third base trying to stretch hit.
|
|
Batting: RHB Tony Batista
|
0-0: Fly out, F9 (Flyball, 89S, EV 90.0 MPH)
|
| Top of the 4th over - 0 runs, 1 hit, 0 errors, 0 left on base; Charlotte 1 - Milwaukee 1 |
| BOTTOM OF THE 4TH |
|
Milwaukee Creams batting - Pitching for Charlotte Knights : RHP Ron Robinson
|
|
Batting: SHB Chipper Jones
|
0-0: Fly out, F4 (Flyball, 34D, EV 81.9 MPH)
|
|
Batting: LHB Carlos Delgado
|
0-0: Ball 1-0: Called Strike 1-1: Foul Ball, location: 2F 1-2: Ball 2-2: Ball 3-2: Strikes out swinging
|
|
Batting: SHB Jorge Posada
|
0-0: Ball 1-0: SOLO HOME RUN (Flyball, 9D, EV 87.5 MPH), Distance : 386 ft
|
|
Batting: SHB Ken Caminiti
|
0-0: Ball 1-0: Fly out, F6 (Popup, 6M, EV 72.5 MPH)
|
| Bottom of the 4th over - 1 run, 1 hit, 0 errors, 0 left on base; Charlotte 1 - Milwaukee 2 |
| TOP OF THE 5TH |
|
Charlotte Knights batting - Pitching for Milwaukee Creams : LHP Kenny Rogers
|
|
Batting: RHB Todd Zeile
|
0-0: Swinging Strike 0-1: Foul Ball, location: 2F 0-2: Foul Ball, location: 2F 0-2: Ball 1-2: Fly out, F8 (Line Drive, 8LD, EV 94.4 MPH)
|
|
Batting: SHB Orlando Merced
|
0-0: Ball 1-0: Ball 2-0: Called Strike 2-1: Foul Ball, location: 2F 2-2: Ball 3-2: Strikes out swinging
|
|
Batting: LHB Jason Giambi
|
0-0: Called Strike 0-1: Foul Ball, location: 2F 0-2: Ball 1-2: Ground out U3 (Groundball, 34, EV 98.8 MPH)
|
| Top of the 5th over - 0 runs, 0 hits, 0 errors, 0 left on base; Charlotte 1 - Milwaukee 2 |
| BOTTOM OF THE 5TH |
|
Milwaukee Creams batting - Pitching for Charlotte Knights : RHP Ron Robinson
|
|
Batting: LHB John Elway
|
0-0: Ball 1-0: Ball 2-0: Ball 3-0: Fly out, F9 (Flyball, 9, EV 92.5 MPH)
|
|
Batting: SHB Gerald Young
|
0-0: Called Strike 0-1: Ground out 4-3 (Groundball, 3D, EV 101.9 MPH)
|
|
Batting: RHB Rey Sanchez
|
0-0: Ground out 4-3 (Groundball, 4, EV 83.1 MPH)
|
| Bottom of the 5th over - 0 runs, 0 hits, 0 errors, 0 left on base; Charlotte 1 - Milwaukee 2 |
| TOP OF THE 6TH |
|
Charlotte Knights batting - Pitching for Milwaukee Creams : LHP Kenny Rogers
|
|
Batting: RHB Shane Mack
|
0-0: Called Strike 0-1: Ball 1-1: Foul Ball, location: 2F 1-2: Strikes out looking
|
|
Batting: RHB Nomar Garciaparra
|
0-0: Foul Ball, location: 2F 0-1: Fly out, F8 (Flyball, 8LS, EV 80.6 MPH)
|
|
Batting: SHB David Segui
|
0-0: Ball 1-0: Ball 2-0: Ball 3-0: Called Strike 3-1: Called Strike 3-2: Strikes out swinging
|
| Top of the 6th over - 0 runs, 0 hits, 0 errors, 0 left on base; Charlotte 1 - Milwaukee 2 |
| BOTTOM OF THE 6TH |
|
Milwaukee Creams batting - Pitching for Charlotte Knights : RHP Ron Robinson
|
|
Batting: LHB Tom Goodwin
|
0-0: Foul Ball, location: 2F 0-1: Ball 1-1: SINGLE (Line Drive, 9LS, EV 104.4 MPH)
|
|
Batting: RHB Mark Loretta
|
0-0: Ball 1-0: Ball 2-0: Ball 3-0: Called Strike 3-1: Bunt missed! 3-2: Strikes out swinging Tom Goodwin steals 2nd base (no throw) Batter strikes out.
|
|
Batting: SHB Chipper Jones
|
0-0: Called Strike 0-1: Ball 1-1: Called Strike 1-2: Ball 2-2: SINGLE (Line Drive, 4MD, EV 96.9 MPH) Tom Goodwin to third Runner from 3rd tries for Home, SAFE, no throw by CF
|
|
Batting: LHB Carlos Delgado
|
0-0: Foul Ball, location: 2F 0-1: Swinging Strike 0-2: Ball 1-2: Ball 2-2: Fly out, F7 (Flyball, 7S, EV 90.0 MPH)
|
|
Batting: SHB Jorge Posada
|
0-0: Ball 1-0: Called Strike 1-1: Ball 2-1: Foul Ball, location: 2F 2-2: Foul Ball, location: 2F 2-2: Ball 3-2: Base on Balls Chipper Jones to second
|
|
Batting: SHB Ken Caminiti
|
0-0: Fly out, F9 (Flyball, 9LS, EV 96.3 MPH)
|
| Bottom of the 6th over - 1 run, 2 hits, 0 errors, 2 left on base; Charlotte 1 - Milwaukee 3 |
| TOP OF THE 7TH |
|
Charlotte Knights batting - Pitching for Milwaukee Creams : LHP Kenny Rogers
|
|
Batting: SHB Carl Everett
|
0-0: Called Strike 0-1: Ball 1-1: Fly out, F9 (Flyball, 9LD, EV 93.8 MPH)
|
|
Batting: RHB Chuck Knoblauch
|
0-0: Ground out 6-3 (Groundball, 6, EV 87.5 MPH)
|
|
Batting: RHB Tony Batista
|
0-0: Ball 1-0: Fly out, F9 (Flyball, 9LS, EV 88.8 MPH)
|
| Top of the 7th over - 0 runs, 0 hits, 0 errors, 0 left on base; Charlotte 1 - Milwaukee 3 |
| BOTTOM OF THE 7TH |
|
Milwaukee Creams batting - Pitching for Charlotte Knights : RHP Ron Robinson
|
|
Batting: LHB John Elway
|
0-0: Ball 1-0: Foul Ball, location: 2F 1-1: SOLO HOME RUN (Flyball, 9LD, EV 90.6 MPH), Distance : 332 ft
|
|
Batting: SHB Gerald Young
|
0-0: Called Strike 0-1: Foul Ball, location: 2F 0-2: Ball 1-2: Ball 2-2: Foul Ball, location: 2F 2-2: Ball 3-2: Foul Ball, location: 2F 3-2: Ground out 4-3 (Groundball, 4, EV 88.8 MPH)
|
|
Batting: RHB Rey Sanchez
|
0-0: Swinging Strike 0-1: Ball 1-1: Ball 2-1: Ground out 4-3 (Groundball, 34, EV 81.3 MPH)
|
|
Batting: LHB Tom Goodwin
|
0-0: Fly out, F6 (Popup, 6, EV 75.0 MPH)
|
| Bottom of the 7th over - 1 run, 1 hit, 0 errors, 0 left on base; Charlotte 1 - Milwaukee 4 |
| TOP OF THE 8TH |
|
Charlotte Knights batting - Pitching for Milwaukee Creams : LHP Kenny Rogers
|
|
Batting: RHB Todd Zeile
|
0-0: Ball 1-0: Ball 2-0: Foul Ball, location: 2F 2-1: Ball 3-1: Base on Balls
|
|
Batting: SHB Orlando Merced
|
0-0: SINGLE (Flyball, 78S, EV 86.9 MPH) Todd Zeile to second
|
|
Pitching: LHP Rob Murphy
|
|
|
Batting: LHB Jason Giambi
|
0-0: Ball 1-0: Bunted foul 1-1: Bunt missed! 1-2: Ball 2-2: Ball 3-2: Fly out, F6 (Popup, 6MS, EV 41.3 MPH)
|
|
Batting: RHB Shane Mack
|
0-0: Called Strike 0-1: Foul Ball, location: 2F 0-2: Ball 1-2: Ball 2-2: Ball 3-2: Base on Balls Todd Zeile to third Orlando Merced to second
|
|
Batting: RHB Nomar Garciaparra
|
0-0: Swinging Strike 0-1: Ball 1-1: Fly out, F9 (Flyball, 89S, EV 82.5 MPH)
|
|
Batting: SHB David Segui
|
0-0: Ground out U3 (Groundball, 3, EV 85.6 MPH)
|
| Top of the 8th over - 0 runs, 1 hit, 0 errors, 3 left on base; Charlotte 1 - Milwaukee 4 |
| BOTTOM OF THE 8TH |
|
Milwaukee Creams batting - Pitching for Charlotte Knights : RHP Ron Robinson
|
|
Pitching: RHP Matt Mantei
|
|
|
Batting: RHB Mark Loretta
|
0-0: Ball 1-0: Ball 2-0: Ball 3-0: Base on Balls
|
|
Batting: SHB Chipper Jones
|
0-0: Ball 1-0: Ball 2-0: Ball 3-0: Base on Balls Mark Loretta to second
|
|
Batting: LHB Carlos Delgado
|
0-0: Called Strike 0-1: Foul Ball, location: 2F 0-2: Strikes out looking
|
|
Pitching: LHP Greg Mathews
|
|
|
Batting: SHB Jorge Posada
|
0-0: Ball 1-0: Ball 2-0: Called Strike 2-1: Fly out, F8 (Flyball, 8RM, EV 90.6 MPH)
|
|
Batting: SHB Ken Caminiti
|
0-0: Ground out 4-3 (Groundball, 4D, EV 106.9 MPH)
|
| Bottom of the 8th over - 0 runs, 0 hits, 0 errors, 2 left on base; Charlotte 1 - Milwaukee 4 |
| TOP OF THE 9TH |
|
Charlotte Knights batting - Pitching for Milwaukee Creams : LHP Rob Murphy
|
|
Batting: SHB Carl Everett
|
0-0: Ball 1-0: Foul Ball, location: 2F 1-1: Ball 2-1: Called Strike 2-2: Foul Ball, location: 2F 2-2: Ball 3-2: Foul Ball, location: 2F 3-2: Base on Balls
|
|
Pitching: RHP Billy Taylor
|
|
|
Batting: RHB Chuck Knoblauch
|
0-0: Called Strike 0-1: Ball 1-1: Called Strike 1-2: Fly out, F9 (Flyball, 89M, EV 82.5 MPH)
|
|
Batting: RHB Tony Batista
|
0-0: Ball 1-0: Called Strike 1-1: Swinging Strike 1-2: Ball 2-2: Ball 3-2: Strikes out swinging
|
|
Batting: RHB Todd Zeile
|
0-0: Called Strike 0-1: Ball 1-1: Called Strike 1-2: Strikes out looking
|
| Top of the 9th over - 0 runs, 0 hits, 0 errors, 1 left on base; Charlotte 1 - Milwaukee 4 |
|